Map: Abyssal Reef LE

Players

Snute

  • Race: Zerg Zerg
  • Spawn Location: 11:00

NoRegreT - Winner!

  • Race: Zerg Zerg
  • Spawn Location: 5:00

Event: WCS Montreal 2017

VOD

Have the link to the VOD?

Description

Time

  • Played on: Sept. 8, 2017, 2:30 p.m.
  • Length: 5:25

All games in this series

Show
View Real Time Build Order
Export as new Build Order

Snute Zerg 

Build Orders: Pool First 

Get SALT Encoding   

  12  0:00  Drone  
  13  0:12  Overlord  
  13  0:17  Drone  
  14  0:30  Drone x2  
  14  0:34  Drone  
  17  0:36  Extractor  
  16  0:45  Drone  
  17  0:50  Spawning Pool  
  17  0:55  Drone  
  17  1:06  Drone  
  18  1:21  Hatchery  
  17  1:37  Queen  
  17  1:39  Metabolic Boost  
  19  1:43  Zergling x2  
  19  1:46  Zergling x2  
  21  1:52  Overlord  
  21  1:56  Zergling x2  
  22  2:05  Extractor, Zergling x2  
  23  2:12  Queen  
  25  2:16  Zergling x2  
  27  2:30  Zergling x2  
  27  2:35  Queen  
  27  2:36  Zergling x2  
  30  2:39  Zergling x2  
  31  2:45  Zergling x8  
  35  2:57  Overlord  
  35  3:04  Zergling x2  
  36  3:07  Overlord  
  36  3:10  Queen  
  34  3:15  Zergling x2  
  34  3:19  Zergling x4  
  34  3:22  Zergling x2  
  33  3:28  Zergling x4  
  33  3:31  Drone  
  36  3:34  Drone  
  36  3:40  Drone  
  37  3:42  Drone  
  37  3:45  Drone  
  39  3:51  Zergling x2  
  39  3:52  Zergling x2  
  41  4:02  Drone x2  
  39  4:04  Drone x2  
  39  4:07  Drone  
  39  4:10  Drone  
  39  4:11  Drone  
  39  4:12  Drone  
  41  4:18  Zergling x4  
  43  4:24  Zergling x4  
  43  4:27  Spine Crawler  
  44  4:33  Zergling x2  
  44  4:38  Zergling x2  
  41  4:43  Zergling x6  
  40  4:47  Zergling x4  
  39  4:57  Zergling x4  
  26  5:08  Zergling x4  
Show
View Real Time Build Order
Export as new Build Order

NoRegreT Zerg - Winner!

Build Orders: Pool First, Zergling Baneling 

Get SALT Encoding   

  12  0:00  Drone  
  13  0:12  Overlord  
  13  0:16  Drone  
  14  0:30  Drone x2  
  14  0:33  Extractor  
  15  0:37  Drone  
  16  0:47  Spawning Pool  
  15  0:50  Drone  
  17  0:57  Drone  
  17  1:19  Hatchery  
  16  1:33  Queen  
  16  1:38  Metabolic Boost  
  18  1:43  Zergling x2  
  20  1:47  Zergling x2  
  20  1:51  Zergling x2  
  21  1:55  Zergling x2  
  22  2:02  Baneling Nest  
  21  2:14  Zergling x2  
  22  2:18  Overlord  
  22  2:31  Zergling x2  
  22  2:32  Zergling x2  
  22  2:37  Zergling x2  
  25  2:42  Zergling x2  
  25  2:43  Zergling x2  
  27  2:46  Baneling x4  
  27  2:47  Zergling x2  
  28  2:51  Zergling x2  
  28  2:54  Zergling x2  
  30  2:59  Zergling x2  
  30  3:03  Zergling x2  
  32  3:10  Zergling x2  
  32  3:12  Zergling x2  
  32  3:17  Zergling x2  
  29  3:20  Zergling x2  
  29  3:21  Baneling  
  29  3:25  Zergling x2  
  26  3:29  Zergling x2  
  26  3:32  Zergling x2  
  28  3:36  Zergling x2  
  28  3:40  Baneling  
  28  3:41  Baneling  
  29  3:46  Zergling x2  
  30  3:50  Zergling x2  
  30  3:53  Zergling x2  
  32  4:00  Zergling x2  
  33  4:08  Zergling x4  
  33  4:09  Baneling  
  33  4:10  Baneling  
  33  4:11  Baneling  
  33  4:13  Baneling  
  33  4:17  Zergling x2  
  33  4:21  Zergling x2  
  35  4:44  Zergling x4  
  35  4:45  Zergling x2  
  35  4:48  Zergling x2  
  35  4:50  Zergling x2  
  35  4:53  Zergling x2  
  35  4:57  Zergling x2  
  35  5:00  Zergling x2  
  35  5:05  Zergling x2, Baneling x2  
Tags
 
Add a new tag
Caveats
  • Supply blocks, unpowered buildings, or Contaminate may cause inaccurate times.
  • Supply counts are checked every 10 seconds.